cohdb
Replays
Latest Replays
All Replays
Popular Replays
Top Player Replays
Match Explorer
How It Works
Community
CoH3 Stats
Reddit
Sign in to upload your games and track your stats! →
Sign in with Steam
Match 41606568
Unlisted
Match 41606568
Overview
Messages
Build Orders
End
Construct Section Command Post
Vickers Machine Gun Team
Selects Canadian Shock Battlegroup
Dingo Light Scout Car
Infantry Section
Grenade Package
Infantry Section
Selects Incendiary Munitions
Infantry Section
Construct Platoon Command Post
Selects Offensive Resupply
CMP 15cwt Truck
Infantry Training
CMP 15cwt Truck
Selects Canadian Shock Section
Humber Armored Car
6-pounder Anti-tank Gun Team
Vickers Machine Gun Team
Construct Company Command Post
Matilda II Heavy Tank
Royal Engineer Section
Selects Pyrotechnics
Selects Churchill Crocodile Heavy Tank
Armored Vehicle Training
Churchill Crocodile Heavy Tank
Selects Smoke Operation
Smoke Operation
Unlock M3 Grant Medium Tanks
elevate
shootinputin
BigTiddyLebron
kreumat
0
0
Comments
sign in to comment!
No comments posted yet!